 Dungeon Sprint DCSS version 0.21-a0-91-ga5031da (webtiles) character file.

480783 pib the End of an Era (level 19, 180/180 HPs)
             Began as a Demonspawn Fighter on June 30, 2017.
             Was the Champion of Qazlal.
             Escaped with the Orb!
             The game lasted 00:26:54 (1853 turns).

pib the End of an Era (Demonspawn Fighter)          Turns: 1853, Time: 00:26:56

Health: 180/180    AC: 38    Str: 33    XL:     19   Next: 3%
Magic:  48/48      EV: 25    Int: 18    God:    Qazlal [******]
Gold:   0          SH: 42    Dex: 18    Spells: 67/69 levels left

rFire    + + +     SeeInvis .   Y - +1 long sword "Zoefy" {protect, rF+++ rN++ Str-4 Int-3}
rCold    + + .     Gourm    .   I - +18 shield of the Gong {rElec rN+ MR+ EV-5}
rNeg     + + +     Faith    .   K - +5 gold dragon scales
rPois    +         Spirit   +   P - +0 helmet of Lakh {rElec Str+4 Dex-3}
rElec    +         Reflect  .   (no cloak)
rCorr    +         Harm     +   (no gloves)
MR       +++..     NoTele   +   (boots unavailable)
Stlth    ..........             J - amulet "Mepporchadu" {Harm *Drain rN+ Int+7}
HPRegen  7.40/turn              B - +6 ring of strength
MPRegen  0.62/turn              M - ring "Nizythuf" {MR+ AC+2}

@: mighty, brilliant, agile, resistant (expiring), very slightly contaminated,
studying 3 skills, repel missiles
A: talons 3, yellow scales 2, fire resistance 1, powered by death 2, magic
shield, magic regeneration, magic link, flame cloud immunity
0: Orb of Zot
a: Upheaval, Elemental Force, Disaster Area, Renounce Religion


You escaped.
You worshipped Qazlal.
Qazlal was exalted by your worship.
You were not hungry.

You visited 1 branch

Inventory:

Hand Weapons
 a - a +5 demon blade of freezing
 b - the +7 Singing Sword
   (You found it in the Dungeon)
 z - the +9 demon blade of Xika {drain, rC++ Str+5 Int-3}
   (You found it in the Dungeon)

   A truly terrible weapon, it drains the life of those it strikes.
   It affects your strength (+5).
   It affects your intelligence (-3).
   It greatly protects you from cold.
 Y - the +1 long sword "Zoefy" (weapon) {protect, rF+++ rN++ Str-4 Int-3}
   (You found it in the Dungeon)

   It protects the one who uses it against injury (+AC on strike).
   It affects your strength (-4).
   It affects your intelligence (-3).
   It renders you almost immune to fire.
   It greatly protects you from negative energy.
Armour
 H - the +15 Maxwell's patent armour {-Cast -Tele rElec MR+ rCorr}
   (You found it in the Dungeon)

   It insulates you from electricity.
   It affects your resistance to hostile enchantments.
   It prevents spellcasting.
   It prevents most forms of teleportation.
   It protects you from acid and corrosion.
 I - the +18 shield of the Gong (worn) {rElec rN+ MR+ EV-5}
   (You found it in the Dungeon)

   It affects your evasion (-5).
   It insulates you from electricity.
   It protects you from negative energy.
   It affects your resistance to hostile enchantments.
 K - +5 gold dragon scales (worn)
 P - the +0 helmet of Lakh (worn) {rElec Str+4 Dex-3}
   (You found it in the Dungeon)

   It affects your strength (+4).
   It affects your dexterity (-3).
   It insulates you from electricity.
Jewellery
 x - a +4 amulet of reflection
 y - a +2 ring of evasion
 B - a +6 ring of strength (left hand)
 C - a +6 ring of strength
 J - the amulet "Mepporchadu" (around neck) {Harm *Drain rN+ Int+7}
   (You found it in the Dungeon)

   [amulet of harm]

   It increases damage dealt and taken.
   It affects your intelligence (+7).
   It protects you from negative energy.
   It causes draining when unequipped.
 M - the ring "Nizythuf" (right hand) {MR+ AC+2}
   (You found it in the Dungeon)

   [ring of protection]

   It affects your AC (+2).
   It affects your resistance to hostile enchantments.
Wands
 D - a wand of disintegration (7/24)
 E - a wand of iceblast (4/15)
 F - a wand of lightning (5/15)
 G - a wand of acid (3/15)
Scrolls
 j - 2 scrolls of blinking
 p - 4 scrolls of amnesia
 q - 3 scrolls of recharging
 r - 8 scrolls of fog
 s - 5 scrolls of identify
 t - 4 scrolls of remove curse
 u - 2 scrolls of fear
 T - a scroll of brand weapon
Potions
 c - 6 potions of might
 e - 9 potions of curing
 f - 17 potions of heal wounds
 g - 10 potions of haste
 h - 6 potions of magic
 i - 3 potions of berserk rage
 k - a potion of brilliance
 l - 2 potions of invisibility
 m - 2 potions of resistance
 o - 4 potions of agility
Books
 A - a book of Spatial Translocations

   Spells                             Type                      Level
   a - Blink                          Translocation                2
   b - Shroud of Golubria             Charms/Translocation         2
   c - Lesser Beckoning               Translocation                3
   d - Gell's Gravitas                Translocation                3
   e - Teleport Other                 Translocation                3
   f - Passage of Golubria            Translocation                4
 L - a book of Power

   Spells                             Type                      Level
   a - Iskenderun's Battlesphere      Conjuration/Charms           5
   b - Venom Bolt                     Conjuration/Poison           5
   c - Bolt of Magma                  Conjuration/Fire/Earth       5
   d - Iron Shot                      Conjuration/Earth            6
   e - Orb of Destruction             Conjuration                  7
   f - Spellforged Servitor           Conjuration/Summoning        7
 N - a book of Annihilations

   Spells                             Type                      Level
   a - Poison Arrow                   Conjuration/Poison           6
   b - Chain Lightning                Conjuration/Air              8
   c - Lehudib's Crystal Spear        Conjuration/Earth            8
   d - Glaciate                       Conjuration/Ice              9
   e - Fire Storm                     Conjuration/Fire             9
 R - a manual of Maces & Flails
 V - a manual of Polearms
 W - a manual of Fire Magic
 X - a book of the Earth

   Spells                             Type                      Level
   a - Leda's Liquefaction            Hexes/Earth                  4
   b - Bolt of Magma                  Conjuration/Fire/Earth       5
   c - Statue Form                    Transmutation/Earth          6
   d - Iron Shot                      Conjuration/Earth            6
   e - Shatter                        Earth                        9
 Z - a book of the Dragon

   Spells                             Type                      Level
   a - Flame Tongue                   Conjuration/Fire             1
   b - Cause Fear                     Hexes                        4
   c - Bolt of Fire                   Conjuration/Fire             6
   d - Dragon Form                    Transmutation                7
   e - Dragon's Call                  Summoning                    9
Miscellaneous
 n - a lightning rod (4/4)
 O - a fan of gales
 Q - a phantom mirror
 S - 4 boxes of beasts
 U - 2 sacks of spiders
Comestibles
 d - 4 bread rations
 v - 42 fruits
 w - 4 meat rations


   Skills:
 - Level 24.1 Fighting
 - Level 8.8 Long Blades
 O Level 27 Armour
 O Level 27 Dodging
 - Level 15.1 Shields
 - Level 1.7 Unarmed Combat
 + Level 25.9 Spellcasting
 O Level 27 Invocations
 - Level 7.3 Evocations


You had 67 spell levels left.
You knew the following spells:

 Your Spells              Type           Power        Failure   Level  Hunger
a - Blink                 Tloc           N/A          1%          2    None


Dungeon Overview and Level Annotations

Branches:
Dungeon (1/1)

Altars:
Ashenzari
Cheibriados
Dithmenos
Elyvilon
Fedhas
Gozag
Hepliaklqana
Kikubaaqudgha
Makhleb
Nemelex Xobeh
Okawaru
Qazlal
Ru
Sif Muna
Trog
Uskayaw
Vehumet
Wu Jian
Xom
Yredelemnul
Zin
The Shining One
Beogh
Jiyva
Lugonu


Innate Abilities, Weirdness & Mutations

You have claws for feet.
You are mostly covered in yellow scales. (AC +3)
Your flesh is heat resistant. (rF+)
You regenerate health from kills.
When hurt, damage is shared between your health and your magic reserves.
You regenerate magic rapidly.
When low on magic, you restore magic in place of health.
You are immune to clouds of flame.


Message History

Found a runed trident. 3 tentacles come into view.
There is a transporter here.
An exit appears before you!
You enter the transporter and appear at another place.
Found the Orb of Zot.
Found a staircase leading out of the dungeon.
Casting: Blink
Confirm with . or Enter, or press ? or * to list all spells.
Okay, then.
Okay, then.
You see here the Orb of Zot.
You pick up the Orb of Zot!
The Orb lets out a hideous shriek!
The lords of Pandemonium are not amused.
Beware!
Now all you have to do is get back out of the dungeon!
You feel yourself slow down.
There is a staircase leading out of the dungeon here.
You can't go down here!
You start to feel less resistant.
You have escaped!

...≈.≈.[....▓..▓.......▓..▓...8©8
............▓.▓▓▓.....▓▓▓.▓..}|=:
............▓..▓.......▓..▓..|[†)
.........≈..▓.....≈.......▓....†"
........≈...▓.............▓....†.
≈...........▓▓▓▓▓▓▓▓▓▓▓▓▓▓▓......
≈≈.....≈≈...▓8888888888888▓......
▓......≈▓≈..▓8...§.......8▓..▓...
≈........≈≈≈▓8.§@§§..§...8▓.▓....
.≈..........▓8..§§.......8▓......
.≈.......≈≈.▓8888888888888▓▓▓▓▓▓▓
▓▓▓▓▓▓▓▓▓▓▓▓▓▓▓▓▓▓▓▓▓▓▓▓▓▓▓▓▓▓▓▓▓
.)≈≈}8©8.}|:.≈.. ......8©8...|.
}.≈≈≈|..)}≈≈.}?. )")|))|}|:))[≈
=≈.|≈≈≈.|.≈≈≈≈[= :}[=h)≈≈≈[)|≈=
...≈≈..≈:≈.≈..≈. })})":))≈)≈≈≈≈
|"?.≈.[)..≈.≈≈≈≈ ..≈≈.))≈[)≈≈≈"


There were no monsters in sight!

Vanquished Creatures
  3 golden dragons (D)
  5 pearl dragons (D)
  A bone dragon (D)
  A lich (D)
  5 quicksilver dragons (D)
  9 acid blobs (D)
  A kraken (D)
  A fire giant (D)
  6 shadow dragons (D)
  5 daevas (D)
  6 azure jellies (D)
  2 orc warlords (D)
  2 frost giants (D)
  2 balrugs (D)
  4 ghouls (D)
  11 iron dragons (D)
  An angel (D)
  5 reapers (D)
  4 stone giants (D)
  A very ugly thing (D)
  6 ophanim (D)
  A vampire knight (D)
  5 apis (D)
  3 blizzard demons (D)
  A yellow draconian (D)
  15 death oozes (D)
  5 fire dragons (D)
  17 merfolk javelineers (D)
  A crystal guardian (D)
  11 merfolk impalers (D)
  3 great orbs of eyes (D)
  3 ice dragons (D)
  2 hydras (D)
  A merfolk avatar (D)
  9 two-headed ogres (D)
  A satyr (D)
  11 merfolk aquamancers (D)
  2 hell hogs (D)
  A dancing weapon (D)
  4 orc high priests (D)
  6 iron golems (D)
  2 deep elf knights (D)
  15 soul eaters (D)
  A hell knight (D)
  8 death drakes (D)
  3 cherubim (D)
  A sea snake (shapeshifter) (D)
  A flayed ghost (D)
  A swamp dragon (D)
  7 sea snakes (D)
  A death drake (shapeshifter) (D)
  2 glowing orange brains (shapeshifter) (D)
  4 glowing orange brains (D)
  2 orc knights (D)
  2 phantasmal warriors (D)
  2 deep elf magi (D)
  An orb spider (D)
  A mana viper (shapeshifter) (D)
  2 wolf spiders (D)
  9 manticores (D)
  A harpy (D)
  A wolf spider (shapeshifter) (D)
  A shining eye (shapeshifter) (D)
  7 shining eyes (D)
  4 draconians (D)
  8 cyclopes (D)
  An elephant (shapeshifter) (D)
  6 merfolk sirens (D)
  An eye of devastation (shapeshifter) (D)
  A torpor snail (shapeshifter) (D)
  7 water nymphs (D)
  3 gargoyles (D)
  2 hellions (D)
  A demonic crawler (D)
  3 eyes of devastation (D)
  2 spiny frogs (D)
  A tormentor (D)
  6 ice devils (D)
  2 rime drakes (D)
  5 freezing wraiths (D)
  12 merfolk (D)
  4 trolls (D)
  4 jumping spiders (D)
  2 red devils (D)
  3 hornets (D)
  3 wind drakes (D)
  3 polar bears (D)
  5 snapping turtles (D)
  23 slime creatures (D)
  2 hippogriffs (D)
  5 flying skulls (D)
  An air elemental (D)
  A shadow (D)
  2 wyverns (D)
  A water elemental (D)
  2 tarantellas (D)
  A redback (D)
  A basilisk (D)
  3 wraiths (D)
  2 golden eyes (D)
  A neqoxec (D)
  5 steam dragons (D)
  A warg (D)
  4 acid dragons (D)
  2 insubstantial wisps (D)
  2 floating eyes (D)
  3 hell hounds (D)
  A water moccasin (D)
  2 porcupines (D)
  8 orc warriors (D)
  3 swamp drakes (D)
  An eye of draining (D)
  A necrophage (D)
  A phantom (D)
  4 ice beasts (D)
  18 ogres (D)
  2 centaurs (D)
  3 wolves (D)
  3 bullfrogs (D)
  4 earth elementals (D)
  3 scorpions (D)
  A wight (D)
  An iron imp (D)
  3 jellies (D)
  2 orc wizards (D)
  2 iguanas (D)
  2 shadow imps (D)
  A white imp (D)
  3 adder zombies (D)
  8 adder skeletons (D)
  15 bat skeletons (D)
  6 bat zombies (D)
  A ball python (D)
  A ball python skeleton (D)
  A bat simulacrum (D)
  3 giant cockroach simulacra (D)
  A jackal skeleton (D)
  2 jackal zombies (D)
  A leopard gecko simulacrum (D)
  3 leopard gecko skeletons (D)
  A leopard gecko zombie (D)
  A quokka skeleton (D)
522 creatures vanquished.

Vanquished Creatures (others)
  8 tentacles (D)
8 creatures vanquished.

Grand Total: 530 creatures vanquished

Notes
Turn   | Place    | Note
-------+----------+-------------------------------------------
     0 | D        | pib the Demonspawn Fighter began the quest for the Orb.
     0 | D        | Reached XP level 1. HP: 18/18 MP: 1/1
     0 | D        | Found a deep blue altar of Sif Muna.
     0 | D        | Found a sacrificial altar of Ru.
     0 | D        | Found a bloodstained altar of Trog.
     0 | D        | Found a stormy altar of Qazlal.
     0 | D        | Found an iron altar of Okawaru.
     0 | D        | Found a sparkling altar of Nemelex Xobeh.
     0 | D        | Found a blossoming altar of Fedhas.
     2 | D        | Found a transporter.
     2 | D        | Found an ancient bone altar of Kikubaaqudgha.
     2 | D        | Found a viscous altar of Jiyva.
     2 | D        | Found a corrupted altar of Lugonu.
     2 | D        | Found a hazy altar of Hepliaklqana.
     2 | D        | Found a burning altar of Makhleb.
     2 | D        | Found an opulent altar of Gozag.
    58 | D        | Gained mutation: When hurt, damage is shared between your health and your magic reserves. [demonic ancestry]
    58 | D        | Reached XP level 2. HP: 24/24 MP: 1/6
   116 | D        | Became a worshipper of Qazlal Stormbringer
   242 | D        | Entered arena 2.
   242 | D        | Noticed a water moccasin
   242 | D        | Found a transporter.
   246 | D        | Killed a water moccasin
   246 | D        | Reached skill level 5 in Invocations
   246 | D        | Gained mutation: You are partially covered in yellow scales. (AC +2) [demonic ancestry]
   246 | D        | Reached XP level 3. HP: 26/31 MP: 6/8
   246 | D        | Gained mutation: You have sharp toenails. [demonic ancestry]
   246 | D        | Reached XP level 4. HP: 32/38 MP: 6/9
   276 | D        | Got the +9 demon blade of Xika {drain, rC++ Str+5 Int-3}
   288 | D        | Learned a level 2 spell: Blink
   291 | D        | Entered arena 3.
   291 | D        | Noticed an insubstantial wisp
   291 | D        | Noticed an air elemental
   291 | D        | Noticed an insubstantial wisp
   291 | D        | Found a transporter.
   293 | D        | Killed an insubstantial wisp
   293 | D        | Reached * piety under Qazlal
   293 | D        | Reached skill level 5 in Fighting
   293 | D        | Reached XP level 5. HP: 44/44 MP: 9/11
   293 | D        | Killed an insubstantial wisp
   293 | D        | Reached skill level 5 in Armour
   293 | D        | Reached skill level 5 in Shields
   293 | D        | Gained mutation: You have razor-sharp toenails. [demonic ancestry]
   293 | D        | Reached XP level 6. HP: 52/52 MP: 9/13
   294 | D        | Killed an air elemental
   294 | D        | Reached skill level 10 in Invocations
   330 | D        | Entered arena 4.
   330 | D        | Noticed a porcupine
   330 | D        | Found a transporter.
   331 | D        | Reached ** piety under Qazlal
   331 | D        | Reached XP level 7. HP: 59/59 MP: 15/15
   450 | D        | Entered arena 5.
   450 | D        | Noticed a polar bear
   450 | D        | Found a transporter.
   451 | D        | Reached *** piety under Qazlal
   453 | D        | Killed a polar bear
   457 | D        | Got the ring "Nizythuf" {MR+ AC+2}
   465 | D        | Entered arena 6.
   465 | D        | Noticed a draconian
   465 | D        | Noticed a draconian
   465 | D        | Noticed a draconian
   465 | D        | Noticed a draconian
   465 | D        | Noticed a yellow draconian
   465 | D        | Found a transporter.
   469 | D        | Killed a draconian
   469 | D        | Gained mutation: You regenerate a little health from kills. [demonic ancestry]
   469 | D        | Reached XP level 8. HP: 61/69 MP: 10/17
   469 | D        | Killed a draconian
   469 | D        | Reached **** piety under Qazlal
   469 | D        | Reached skill level 5 in Long Blades
   470 | D        | Killed a draconian
   470 | D        | Gained mutation: You have claws for feet. [demonic ancestry]
   470 | D        | Reached XP level 9. HP: 50/76 MP: 7/18
   474 | D        | Killed a draconian
   478 | D        | Killed a yellow draconian
   478 | D        | Reached skill level 10 in Fighting
   543 | D        | Got the +0 helmet of Lakh {rElec Str+4 Dex-3}
   641 | D        | Entered arena 7.
   641 | D        | Noticed a battleaxe of electrocution
   641 | D        | Noticed a deep elf mage
   641 | D        | Noticed a deep elf mage
   641 | D        | Noticed a deep elf knight
   641 | D        | Noticed a deep elf knight
   644 | D        | Killed a deep elf knight
   646 | D        | Killed a deep elf knight
   646 | D        | Reached skill level 10 in Armour
   646 | D        | Reached skill level 10 in Shields
   646 | D        | Reached XP level 10. HP: 74/86 MP: 7/20
   647 | D        | Killed a deep elf mage
   647 | D        | Reached ***** piety under Qazlal
   656 | D        | Killed a battleaxe of electrocution
   657 | D        | Killed a deep elf mage
   658 | D        | Found a transporter.
   804 | D        | Entered arena 8.
   805 | D        | Reached skill level 15 in Invocations
   806 | D        | Found a transporter.
   847 | D        | Entered arena 9.
   848 | D        | Reached ****** piety under Qazlal
   849 | D        | Found a transporter.
   892 | D        | Entered arena 10.
   892 | D        | Noticed a cyclops
   892 | D        | Noticed a two-headed ogre
   892 | D        | Noticed a two-headed ogre
   892 | D        | Noticed a two-headed ogre
   893 | D        | Killed a two-headed ogre
   893 | D        | Killed a two-headed ogre
   893 | D        | Gained mutation: You regenerate health from kills. [demonic ancestry]
   893 | D        | Reached XP level 11. HP: 93/93 MP: 21/23
   893 | D        | Killed a two-headed ogre
   894 | D        | Found a transporter.
   954 | D        | Entered arena 11.
   956 | D        | Found a transporter.
   964 | D        | Got the +5 large shield of Loemoj {Int+3 Slay+2 SInv}
  1001 | D        | Got the cursed +1 long sword "Zoefy" {protect, rF+++ rN++ Str-4 Int-3}
  1110 | D        | Entered arena 12.
  1110 | D        | Noticed a soul eater
  1110 | D        | Noticed a soul eater
  1110 | D        | Noticed a soul eater
  1111 | D        | Noticed a soul eater
  1111 | D        | Killed a soul eater
  1111 | D        | Killed a soul eater
  1111 | D        | Killed a soul eater
  1111 | D        | Killed a soul eater
  1113 | D        | Found a transporter.
  1122 | D        | Entered arena 13.
  1122 | D        | Noticed a wolf spider
  1122 | D        | Noticed an orb spider
  1123 | D        | Killed an orb spider
  1123 | D        | Killed a wolf spider
  1123 | D        | Killed a wolf spider
  1123 | D        | Reached XP level 12. HP: 100/100 MP: 19/25
  1125 | D        | Found a transporter.
  1192 | D        | Entered arena 14.
  1193 | D        | Noticed a purple very ugly thing
  1195 | D        | Killed a purple very ugly thing
  1195 | D        | Reached skill level 15 in Shields
  1197 | D        | Found a transporter.
  1270 | D        | Entered arena 15.
  1271 | D        | Noticed a frost giant
  1273 | D        | Reached skill level 1 in Dodging
  1273 | D        | Killed a frost giant
  1274 | D        | Found a transporter.
  1308 | D        | Entered arena 16.
  1309 | D        | Noticed an orc high priest
  1309 | D        | Noticed a stone giant
  1309 | D        | Noticed an orc warlord
  1309 | D        | Noticed an orc warlord
  1309 | D        | Noticed an orc high priest
  1311 | D        | Killed an orc high priest
  1311 | D        | Killed an orc high priest
  1311 | D        | Reached skill level 5 in Dodging
  1311 | D        | Killed a stone giant
  1311 | D        | Reached XP level 13. HP: 106/106 MP: 26/28
  1311 | D        | Killed an orc warlord
  1311 | D        | Reached skill level 15 in Armour
  1311 | D        | Killed an orc warlord
  1317 | D        | Found a transporter.
  1333 | D        | Entered arena 17.
  1335 | D        | Noticed a blizzard demon
  1336 | D        | Noticed a frost giant
  1336 | D        | Noticed a blizzard demon
  1337 | D        | Killed a blizzard demon
  1337 | D        | Killed a blizzard demon
  1337 | D        | Killed a frost giant
  1339 | D        | Found a transporter.
  1339 | D        | Noticed a blizzard demon
  1352 | D        | Killed a blizzard demon
  1379 | D        | Got the amulet "Mepporchadu" {Harm *Drain rN+ Int+7}
  1407 | D        | Entered arena 18.
  1410 | D        | Noticed a fire giant
  1410 | D        | Noticed a stone giant
  1411 | D        | Killed a stone giant
  1414 | D        | Found a transporter.
  1418 | D        | Killed a fire giant
  1418 | D        | Reached skill level 10 in Dodging
  1481 | D        | Entered arena 19.
  1485 | D        | Reached XP level 14. HP: 113/113 MP: 31/31
  1487 | D        | Found a transporter.
  1521 | D        | Entered arena 20.
  1525 | D        | Noticed a stone giant
  1525 | D        | Noticed an iron dragon
  1525 | D        | Noticed a stone giant
  1526 | D        | Noticed a quicksilver dragon
  1526 | D        | Noticed a quicksilver dragon
  1527 | D        | Noticed a quicksilver dragon
  1527 | D        | Reached skill level 27 in Invocations
  1527 | D        | Killed a stone giant
  1527 | D        | Killed a stone giant
  1527 | D        | Killed a quicksilver dragon
  1527 | D        | Killed a quicksilver dragon
  1527 | D        | Killed an iron dragon
  1527 | D        | Killed an iron dragon
  1527 | D        | Killed a quicksilver dragon
  1528 | D        | Noticed an iron dragon
  1529 | D        | Found a transporter.
  1536 | D        | Killed an iron dragon
  1610 | D        | Entered arena 21.
  1613 | D        | Noticed an apis
  1613 | D        | Noticed a pearl dragon
  1614 | D        | Noticed a pearl dragon
  1614 | D        | Noticed a pearl dragon
  1614 | D        | Noticed an ophan
  1614 | D        | Noticed a pearl dragon
  1614 | D        | Noticed a pearl dragon
  1614 | D        | Noticed an apis
  1614 | D        | Noticed an apis
  1615 | D        | Noticed an apis
  1615 | D        | Noticed an angel
  1615 | D        | Noticed a daeva
  1615 | D        | Noticed an ophan
  1615 | D        | Noticed an apis
  1615 | D        | Noticed a daeva
  1615 | D        | Noticed a daeva
  1615 | D        | Killed a pearl dragon
  1615 | D        | Reached skill level 15 in Dodging
  1615 | D        | Killed an apis
  1615 | D        | Killed a pearl dragon
  1615 | D        | Killed an ophan
  1615 | D        | Killed a daeva
  1615 | D        | Gained mutation: You regenerate magic rapidly. [demonic ancestry]
  1615 | D        | Reached XP level 15. HP: 119/119 MP: 30/32
  1615 | D        | Killed a daeva
  1615 | D        | Killed a pearl dragon
  1615 | D        | Killed a pearl dragon
  1615 | D        | Killed a pearl dragon
  1615 | D        | Killed a daeva
  1615 | D        | Killed a daeva
  1616 | D        | Noticed a daeva
  1617 | D        | Killed a daeva
  1620 | D        | Found a transporter.
  1657 | D        | Entered arena 22.
  1662 | D        | Noticed an azure jelly
  1662 | D        | Noticed an acid blob
  1663 | D        | Noticed an azure jelly
  1664 | D        | Killed an acid blob
  1664 | D        | Killed an azure jelly
  1665 | D        | Killed an azure jelly
  1665 | D        | Gained mutation: When low on magic, you restore magic in place of health. [demonic ancestry]
  1665 | D        | Reached XP level 16. HP: 125/125 MP: 25/33
  1667 | D        | Found a transporter.
  1702 | D        | Entered arena 23.
  1707 | D        | Noticed a shadow dragon
  1707 | D        | Noticed a shadow dragon
  1708 | D        | Noticed a shadow dragon
  1708 | D        | Noticed a bone dragon
  1709 | D        | Killed a shadow dragon
  1709 | D        | Killed a bone dragon
  1709 | D        | Killed a shadow dragon
  1710 | D        | Noticed a shadow dragon
  1710 | D        | Noticed a shadow dragon
  1710 | D        | Noticed a shadow dragon
  1712 | D        | Killed a shadow dragon
  1712 | D        | Killed a shadow dragon
  1712 | D        | Killed a shadow dragon
  1712 | D        | Killed a shadow dragon
  1713 | D        | Found a transporter.
  1729 | D        | Entered arena 24.
  1736 | D        | Reached skill level 27 in Armour
  1739 | D        | Noticed a kraken
  1743 | D        | Found a transporter.
  1745 | D        | Killed a kraken
  1745 | D        | Gained mutation: You are mostly covered in yellow scales. (AC +3) [demonic ancestry]
  1745 | D        | Reached XP level 17. HP: 131/131 MP: 34/34
  1751 | D        | Entered arena 25.
  1757 | D        | Noticed a quicksilver dragon
  1757 | D        | Noticed a golden dragon
  1758 | D        | Noticed a golden dragon
  1759 | D        | Noticed a quicksilver dragon
  1759 | D        | Noticed a golden dragon
  1759 | D        | Reached skill level 27 in Dodging
  1759 | D        | Reached skill level 1 in Spellcasting
  1759 | D        | Killed a golden dragon
  1759 | D        | Killed a quicksilver dragon
  1759 | D        | Reached skill level 15 in Fighting
  1759 | D        | Reached skill level 10 in Spellcasting
  1759 | D        | Killed a quicksilver dragon
  1759 | D        | Killed a golden dragon
  1762 | D        | Found a transporter.
  1763 | D        | Killed a golden dragon
  1766 | D        | Entered arena 26.
  1775 | D        | Noticed an acid blob
  1775 | D        | Noticed an acid blob
  1775 | D        | Noticed an acid blob
  1776 | D        | Noticed an acid blob
  1776 | D        | Noticed an acid blob
  1776 | D        | Noticed an acid blob
  1777 | D        | Noticed an acid blob
  1778 | D        | Noticed an acid blob
  1778 | D        | Killed an acid blob
  1778 | D        | Killed an acid blob
  1778 | D        | Killed an acid blob
  1778 | D        | Reached skill level 15 in Spellcasting
  1778 | D        | Killed an acid blob
  1778 | D        | Killed an acid blob
  1778 | D        | Gained mutation: Your flesh is heat resistant. (rF+) [demonic ancestry]
  1778 | D        | Reached XP level 18. HP: 128/162 MP: 27/38
  1782 | D        | Found a transporter.
  1798 | D        | Entered arena 27.
  1812 | D        | Killed a lich
  1817 | D        | Found a transporter.
  1819 | D        | Entered arena 28.
  1836 | D        | Gained mutation: You are immune to clouds of flame. [demonic ancestry]
  1836 | D        | Reached XP level 19. HP: 180/180 MP: 41/48
  1838 | D        | Found a transporter.
  1848 | D        | Got the Orb of Zot
  1853 | D        | Escaped with the Orb!

Vault maps used:
D:        sprint_v

Skill      XL: |  1  2  3  4  5  6  7  8  9 10 11 12 13 14 15 16 17 18 |
---------------+-------------------------------------------------------+-----
Evocations     | 7 |  7.3
Fighting       | 4 5 6 8 9 10 11 20 24 | 24.1
Armour         | 4 5 6 7 8 10 11 14 16 20 23 27 | 27.0
Shields        | 4 5 6 7 8 10 11 14 15 | 15.1
Invocations    | 5 8 9 11 12 13 16 18 22 26 27 | 27.0
Long Blades    | 4 6 8 |  8.8
Dodging        | 5 10 16 21 25 27 | 27.0
Spellcasting   | 16 25 | 25.9
Unarmed Combat | |  1.7

Action                   |  1- 3 |  4- 6 |  7- 9 | 10-12 | 13-15 | 16-18 | 19-21 || total
-------------------------+-------+-------+-------+-------+-------+-------+-------++-------
Melee: Double sword      |     3 |       |       |       |       |       |       ||     3
       Demon blade       |       |     1 |    12 |     6 |       |       |       ||    19
       Kick              |       |     1 |     6 |     2 |    49 |       |       ||    58
       Long sword        |       |       |       |     1 |    86 |       |       ||    87
Invok: Upheaval          |       |       |     2 |     1 |     1 |       |       ||     4
       Elemental Force   |       |       |     1 |     1 |       |       |       ||     2
       Disaster Area     |       |       |       |     9 |     9 |    15 |     1 ||    34
Evoke: Wand              |     1 |     2 |     7 |     3 |       |       |       ||    13
       Fan of gales      |       |       |     1 |       |       |       |       ||     1
  Use: Potion            |     1 |       |     1 |     2 |     1 |     7 |       ||    12
       Scroll            |     1 |       |       |     1 |     1 |     2 |       ||     5
  Eat: Bread ration      |       |       |       |     1 |       |       |       ||     1
Armor: Gold dragon scale |       |       |     3 |     2 |     7 |     7 |       ||    19
Dodge: Dodged            |       |       |     1 |       |     1 |     3 |       ||     5
       Deflected         |       |       |       |       |     1 |     6 |       ||     7
Block: Shield            |     4 |     4 |    11 |    10 |    99 |    15 |       ||   143
       Rpst.: Demon blade |       |       |     1 |       |       |       |       ||     1
